 Dungeon Crawl Stone Soup version 0.32-a0-705-g60f233581c (webtiles) character file.

Game seed: 7548787659418971164

25 porpoise the Caller (level 3, 0/28 HPs)
             Began as a Tengu Summoner on Mar 15, 2024.
             Succumbed to an adder's poison
             ... on level 1 of the Dungeon.
             The game lasted 00:04:13 (1083 turns).

porpoise the Caller (Tengu Summoner)                Turns: 1083, Time: 00:04:13

Health: 0/28       AC: 21    Str:  8    XL:     3   Next: 6%
Magic:  5/7        EV:  2    Int: 17    God:
Gold:   61         SH:  0    Dex: 14    Spells: 0/6 levels left

rFire   + . .        a - +0 dagger
rCold   + . .        (no shield)
rNeg    . . .        d - melded +0 robe
rPois   +            (helmet currently unavailable)
rElec   .            (cloak currently unavailable)
rCorr   .            (gloves currently unavailable)
SInv    .            (boots unavailable)
Will    .....        (no amulet)
Stlth   ++           f - ring of protection from fire
HPRegen 0.24/turn    g - ring of protection from cold
MPRegen 0.10/turn

%: acrobat
@: lethally poisoned (0 -> -1), tree-form
A: stationary, stasis, torment immunity, boosted hp, (beak), (talons 3),
acrobatic
a: no special abilities


You were on level 1 of the Dungeon.
You were a tree.
You visited 1 branch of the dungeon, and saw 2 of its levels.

You collected 61 gold pieces.

Inventory:

Hand Weapons
 a - a +0 dagger (weapon)
Missiles
 e - 6 boomerangs
Armour
 d - a +0 robe (melded)
 j - an orb of guile
Jewellery
 f - a ring of protection from fire (left branch)
 g - a ring of protection from cold (right branch)
Scrolls
 c - 2 scrolls of blinking {unknown}
 i - a scroll of silence {unknown}
Potions
 b - a potion of magic


   Skills:
 - Level 2.1 Dodging
 + Level 2.6 Stealth
 + Level 2.4 Spellcasting
 + Level 5.2 Summonings


You couldn't memorise any spells.
You knew the following spells:

 Your Spells              Type           Power      Damage    Failure   Level
a - Summon Small Mammal   Summ           76%        N/A       2%          1
b - Call Imp              Summ           38%        N/A       3%          2
c - Call Canine Familiar  Summ           19%        N/A       6%          3

Your spell library contained the following spells:

 Spells                   Type           Power      Damage    Failure   Level
 Summon Blazeheart Golem  Fire/Summ      10%        N/A       54%         4
 Summon Lightning Spire   Summ/Air       10%        N/A       54%         4


Dungeon Overview and Level Annotations

Branches:
Dungeon (2/15)

Altars:


Innate Abilities, Weirdness & Mutations

You are a tree.
Your roots penetrate the ground, keeping you stationary.
You cannot be teleported.
You are immune to unholy pain and torment.
Your maximum health is greatly increased.
Your equipment is partially melded.
((You have a beak for a mouth.))
((You have claws for feet.))
You can magically evade attacks while moving or waiting.


Message History

The kobold hits you with a +0 short sword.
Press: ? - help, v - describe, . - travel The floor, spattered with blood.
Unknown command.
The adder barely misses you.
There is a stone staircase leading up here.
The adder bites you.
The kobold hits you with a +0 short sword.
You climb upwards.
There is a stone staircase leading down here.
Casting: Call Imp (safe; 3% risk of failure)
Confirm with . or Enter, or press ? or * to list all spells.
A tiny devil pulls itself out of the air.
The adder completely misses you. The kobold barely misses you.
The adder bites you.
You are poisoned.
The adder poisons you!
You hit the adder. Your peck misses the adder.
The adder is moderately wounded.
You feel sick. The adder bites you.
The kobold hits you with a +0 short sword.
* * * LOW HITPOINT WARNING * * *
Your cerulean imp closely misses the adder.
You hit the adder. You peck the adder.
The adder is severely wounded.
* * * LOW HITPOINT WARNING * * *
You feel sick. The adder barely misses you.
The kobold hits you with a +0 short sword.
* * * LOW HITPOINT WARNING * * *
Your cerulean imp hits the adder but does no damage.
It was a potion of lignification.
You turn into a tree.
Your +0 robe melds into your body.
Your roots penetrate the ground.
* * * LOW HITPOINT WARNING * * *
You feel sick. The adder bites you but does no damage.
The kobold hits you but does no damage.
Your cerulean imp hits the adder with a -3 spear.
The adder bites your cerulean imp.
You hit the adder.
You kill the adder!
You die...

###..............#
#...############.############
..#.# #...####.....>.....>#####
#...## #........................
.....####...####.#.########.#####
.................#.# #.# #
......####.#####.#.# #.#####
......# #.# #K#.# #...... ......#
#.# #♣#.# #..#### ##.##.#
#.#####†#.# #..# # #.##.##
#.....#5#.# #..# #
##.#...#######÷#.#.# #..# #
.#...#.............# ##.# #
.#.#...###.###.#.###########.# #
.(........#..................# #
...##..........÷.##########..#
...###########.#........###..####


You could see a kobold and a friendly cerulean imp (summoned).

Vanquished Creatures
  An adder (D:1)
  3 bats (D:1)
  3 endoplasms (D:1)
  2 giant cockroaches (D:1)
  2 hobgoblins (D:1)
  A ball python (D:1)
  2 frilled lizards (D:1)
  2 rats (D:1)
16 creatures vanquished.

Vanquished Creatures (collateral kills)
  A dart slug (D:1)
  2 endoplasms (D:1)
  A hobgoblin (D:1)
  A quokka (D:1)
  A kobold (D:1)
6 creatures vanquished.

Grand Total: 22 creatures vanquished

Notes
Turn   | Place    | Note
-------+----------+-------------------------------------------
     0 | D:1      | porpoise the Tengu Summoner began the quest for the Orb.
     0 | D:1      | Reached XP level 1. HP: 10/10 MP: 4/4
   251 | D:1      | Found a faded altar of an unknown god.
   337 | D:1      | Reached skill level 5 in Summonings
   337 | D:1      | Reached XP level 2. HP: 15/15 MP: 3/6
   366 | D:1      | Learned a level 2 spell: Call Imp
   954 | D:1      | Reached XP level 3. HP: 19/19 MP: 7/7
   958 | D:1      | Learned a level 3 spell: Call Canine Familiar
  1082 | D:1      | HP: 1/28 [poisoned by an adder]
  1083 | D:1      | Succumbed to an adder's poison

Illustrated notes

Levels and vault maps discovered:
D:1:      evilmike_arrival_crescent, layout_loops_ring, basic_ecumenical_altar,
          minmay_pentomino_q2
D:2:      layout_basic, basic_altar

Skill      XL: |  1 |
---------------+----+-----
Summonings     | 5 |  5.2
Dodging        | |  2.1
Stealth        | |  2.6
Spellcasting   | |  2.4

Action                     || total
---------------------------++-------
  Melee: Unarmed           ||     5
         Dagger            ||    37
         Peck              ||     4
         Kick              ||     4
   Cast: Summon Small Mamm ||    15
         Call Imp          ||     4
    Use: Potion            ||     1
   Stab: Sleeping          ||     4
 Armour: Robe              ||    30
         Skin              ||     2
  Dodge: Dodged            ||    51

Table legend: (Time is in decaauts)
 A = Elapsed time spent in this place.
 B = Non-inter-level travel time spent in this place.
 C = Inter-level travel time spent in this place.
 D = Time resting spent in this place.
 E = Time spent auto-exploring this place.
 F = Levels seen in this place.
 G = Mean time per level.
                   A        B        C        D        E       F      G
               +--------+--------+--------+--------+--------+-----+--------+
         Total |   1084 |   1034 |     50 |    232 |    605 |   2 |  542.0 |
       Dungeon |   1084 |   1034 |     50 |    232 |    605 |   2 |  542.0 |
               +--------+--------+--------+--------+--------+-----+--------+

Top non-repeatable levels by time:
     D:1: 1077 daAuts
     D:2: 6 daAuts
